 Dungeon Crawl Stone Soup version 0.28.0-45-g0d030f2227 (webtiles) character file.

Game seed: 11049442229666168115

142 Iusername the Shield-Bearer (level 5, -3/46 HPs)
             Began as a Minotaur Fighter on Apr 22, 2022.
             Slain by a goblin
             ... wielding a +1 dagger of distortion
             ... led by Robin
              (22 damage)
             ... on level 4 of the Dungeon.
             The game lasted 00:05:06 (2862 turns).

Iusername the Shield-Bearer (Minotaur Fighter)      Turns: 2862, Time: 00:05:07

Health: -3/46      AC: 11    Str: 21    XL:     5   Next: 4%
Magic:  4/4        EV:  6    Int:  7    God:
Gold:   119        SH:  4    Dex:  9    Spells: 4/4 levels left

rFire   . . .      SeeInvis .   a - +3 long sword
rCold   + . .      Faith    .   c - +0 buckler
rNeg    . . .      Spirit   .   i - +0 plate armour
rPois   .          Reflect  .   (helmet restricted)
rElec   .          Harm     .   (no cloak)
rCorr   .          Rampage  .   (no gloves)
Will    .....                   (no boots)
Stlth   ..........              (no amulet)
HPRegen 0.15/turn               p - ring of protection from cold
MPRegen 0.09/turn               (no ring)

@: mighty
A: horns 2, retaliatory headbutt
a: no special abilities


You were on level 4 of the Dungeon.
You visited 1 branch of the dungeon, and saw 4 of its levels.

You collected 119 gold pieces.

Inventory:

Hand Weapons
 a - a +3 long sword (weapon)
Missiles
 l - 6 boomerangs (quivered)
Armour
 b - a +0 scale mail
 c - a +0 buckler (worn)
 i - a +0 plate armour (worn)
Jewellery
 p - a ring of protection from cold (left hand)
Scrolls
 e - 2 scrolls of teleportation
 g - a scroll of magic mapping {unknown}
 h - a scroll of vulnerability {unknown}
 k - a scroll of identify {unknown}
 n - a scroll of holy word {unknown}
 o - a scroll of amnesia {unknown}
 q - a scroll of immolation {unknown}
Potions
 f - a potion of degeneration {unknown}
 j - 5 potions of curing {unknown}
 m - a potion of brilliance {unknown}


   Skills:
 + Level 4.2 Fighting
 + Level 4.4 Long Blades
 + Level 4.3 Armour
 + Level 0.4 Dodging
 + Level 4.6 Shields


You had 4 spell levels left.
You didn't know any spells.
Your spell library contained the following spells:

 Spells                   Type           Power      Damage    Failure   Level
 Call Canine Familiar     Summ           0%         N/A       100%        3
 Portal Projectile        Hex/Tloc       0%         N/A       100%        3
 Leda's Liquefaction      Hex/Erth       0%         N/A       100%        4


Dungeon Overview and Level Annotations

Branches:
Dungeon (4/15)
 Temple: D:4-7

Altars:
Uskayaw

Shops:
D:1 =

Annotations:
D:4 Robin


Innate Abilities, Weirdness & Mutations

You have a pair of horns on your head.
You reflexively headbutt those who attack you in melee.


Message History

The goblin no longer looks unusually strong.
The jackal bites you. Robin throws the goblin at you!
The jackal bites you but does no damage.
You block the goblin's attack. The goblin completely misses you.
The goblin hits you but does no damage.
Robin flexes a bicep menacingly.
Robin roars a battlecry!
The goblins go into a battle-frenzy!
You miss the jackal. You headbutt the jackal.
You kill the jackal!
The goblin no longer looks unusually strong.
The hobgoblin no longer looks unusually strong.
The goblin barely misses you.
The goblin hits you but does no damage. x3
Robin hits you but does no damage. You block the hobgoblin's attack.
You barely miss the hobgoblin. Your headbutt misses the hobgoblin.
The goblin no longer looks unusually strong.
You block the goblin's attack. The goblin hits you with a +0 club.
The goblin hits you but does no damage. The goblin hits you with a +0 dagger.
Robin roars a battlecry!
The goblins go into a battle-frenzy!
The hobgoblin hits you but does no damage.
You slash the hobgoblin!
You kill the hobgoblin!
The goblin no longer looks unusually strong.
The goblin hits you but does no damage. x2; Space warps around you.
You block the goblin's attack. Robin hits you but does no damage.
The hobgoblin hits you but does no damage.
You closely miss the hobgoblin.
The goblin no longer looks unusually strong.
The goblin closely misses you. The goblin hits you with a +0 club.
The goblin hits you but does no damage. x2; Robin throws the goblin at you!
The hobgoblin barely misses you. You furiously retaliate!
You headbutt the hobgoblin!
You kill the hobgoblin!
The goblin hits you but does no damage. The goblin barely misses you.
You block the goblin's attack. Robin hits you but does no damage.
You barely miss the goblin. The goblin hits you with a +0 club.
The goblin hits you with a +1 dagger of distortion.
Space warps horribly around you!!
You die...

.. #+## #.#
#...# # #.#
#..... ##.#
#.##......
##...##.#.......
##.
#.......+.g....<
..###
#...##g#g......
#....
#..g@g......
#....
#.#g#g#.....
#....
#####.#.#.# ..#
#....
#.......#.# #
#....
#.###.###.# #.#
#....
#.###.###.##
#....
#..........#
#####
##.#####...##
###### #.#
#.....# #.....


You could see Robin, a hobgoblin (strong) and 5 goblins.

Vanquished Creatures
  Jessica (D:3)
  An orc wizard (D:3)
  An adder (D:3)
  An adder skeleton (D:4)
  2 dart slugs (D:3)
  4 orcs (D:3)
  4 ball pythons
  2 endoplasms (D:2)
  A giant cockroach (D:3)
  8 hobgoblins
  8 jackals
  6 quokkas
  7 bats
  6 frilled lizards
  7 goblins
  4 kobolds (D:1)
  4 rats
67 creatures vanquished.

Notes
Turn   | Place    | Note
-------+----------+-------------------------------------------
     0 | D:1      | Iusername the Minotaur Fighter began the quest for the Orb.
     0 | D:1      | Reached XP level 1. HP: 19/19 MP: 0/0
   390 | D:1      | Reached XP level 2. HP: 27/27 MP: 1/1
   902 | D:1      | Found Juipap's Jewellery Shop.
  1243 | D:2      | Reached XP level 3. HP: 32/33 MP: 2/2
  1311 | D:2      | Found a hide-covered altar of Uskayaw.
  1774 | D:2      | Found a faded altar of an unknown god.
  2100 | D:3      | Reached XP level 4. HP: 35/40 MP: 3/3
  2215 | D:3      | Noticed Jessica
  2223 | D:3      | Killed Jessica
  2845 | D:4      | Noticed Robin
  2854 | D:4      | Reached XP level 5. HP: 39/46 MP: 4/4
  2862 | D:4      | Slain by a goblin

Illustrated notes

Levels and vault maps discovered:
D:1:      wander_arrival_desolate, layout_basic, serial_shops, shop
D:2:      layout_basic, chequers_ecumenical_altar_simple, basic_altar
D:3:      layout_loops_ring, hangedman_decor_lopped,
          minmay_misc_feat_four_crosses, uniq_jessica
D:4:      layout_loops_corners, nicolae_ossuary_entry_plus,
          lexackson_kobold_supper, uniq_robin

Skill      XL: |  1  2  3  4 |
---------------+-------------+-----
Fighting       | 4 |  4.2
Armour         | 4 |  4.3
Shields        | 4 |  4.6
Long Blades    | 3 4 |  4.4
Dodging        | |  0.4

Action                   |  1- 3 |  4- 6 || total
-------------------------+-------+-------++-------
Melee: Long sword        |    97 |    37 ||   134
       Headbutt          |     8 |     6 ||    14
  Use: Scroll            |       |     4 ||     4
       Potion            |       |     1 ||     1
Armor: Scale mail        |    26 |       ||    26
       Plate armour      |    29 |    43 ||    72
Dodge: Dodged            |    47 |    22 ||    69
Block: Buckler           |    28 |    16 ||    44
